 Dungeon Crawl Stone Soup version 0.24-a0-271-ga0fc33f724 (webtiles) character file.

Game seed: 13663739706180547493

7 Esekla the Skirmisher (level 2, 3/16 HPs)
             Began as a Vine Stalker Abyssal Knight on Apr 23, 2019.
             Was an Initiate of Lugonu.
             Got out of the dungeon alive.
             The game lasted 00:01:28 (86 turns).

Esekla the Skirmisher (Vine Stalker Abyssal Knight)   Turns: 86, Time: 00:01:28

Health: 3/16       AC:  3    Str: 14      XL:     2   Next: 0%
Magic:  2/4        EV: 11    Int: 12      God:    Lugonu [......]
Gold:   0          SH:  0    Dex: 11 (13) Spells: 1/1 levels left

rFire    . . .     SeeInvis .   a - +1 falchion
rCold    . . .     Gourm    .   (no shield)
rNeg     . . .     Faith    .   b - +0 leather armour
rPois    .         Spirit   +   (no helmet)
rElec    .         Reflect  .   (no cloak)
rCorr    .         Harm     .   (no gloves)
MR       .....                  (no boots)
Stlth    +.........             (no amulet)
HPRegen  0.05/turn              (no ring)
MPRegen  0.09/turn              (no ring)

@: no status effects
A: fangs 2, magic shield, antimagic bite, no potion heal 3, rot immunity
a: Renounce Religion


You escaped.
You worshipped Lugonu.
Lugonu was noncommittal.
You were not hungry.

You visited 1 branch of the dungeon, and saw 1 of its levels.
You visited the Abyss 1 time.

Inventory:

Hand Weapons
 a - a +1 falchion (weapon)
Armour
 b - a +0 leather armour (worn)
Scrolls
 d - a scroll of enchant weapon {unknown}
Comestibles
 c - a ration


   Skills:
 + Level 3.0 Fighting
 + Level 1.8 Long Blades
 + Level 1.6 Armour
 + Level 0.7 Dodging
 + Level 1.8 Invocations


You had one spell level left.
You didn't know any spells.
Your spell library was empty.

Dungeon Overview and Level Annotations

Branches:
Dungeon (1/15)

Altars:


Innate Abilities, Weirdness & Mutations

You have extremely sharp teeth.
When hurt, damage is shared between your health and your magic reserves.
Your bite disrupts and absorbs the magic of your enemies.
Potions cannot restore your health.
You are immune to rotting.


Message History

The quasit gives a chilling moan.
A starcursed mass splits.
The quasit bites you but does no damage.
The quasit closely misses you. The quasit claws you.
* * * LOW HITPOINT WARNING * * *
You feel clumsy. The quasit barely misses you. The quasit claws you.
* * * LOW HITPOINT WARNING * * *
You feel clumsy. The quasit closely misses you.
You see here a scroll labeled GOKIKL UCHOTA.
d - a scroll labeled GOKIKL UCHOTA The quasit bites you but does no damage.
The quasit barely misses you. x2
A starcursed mass splits.
You pass through the gate.
You can no longer depart the Abyss at will.
There is a staircase leading out of the dungeon here.
Are you sure you want to leave the Dungeon?
This will make you lose the game!
You have escaped!

### #@#
#...#
...≈...
#.8.≈.8.#
#...≈...#
#.⌠.≈.⌠.#
#...≈...#
#.8.≈.8.#


There were no monsters in sight!

Vanquished Creatures
  A white imp (Abyss:1)
1 creature vanquished.

Notes
Turn   | Place    | Note
-------+----------+-------------------------------------------
     0 | Abyss:1  | Esekla the Vine Stalker Abyssal Knight began the quest for
                  | the Orb.
     0 | Abyss:1  | Reached XP level 1. HP: 11/11 MP: 3/3
     5 | Abyss:1  | Found a corrupted altar of Lugonu.
    64 | Abyss:1  | Noticed a small abomination
    66 | Abyss:1  | Found an opulent altar of Gozag.
    74 | Abyss:1  | Reached skill level 3 in Fighting
    74 | Abyss:1  | Reached XP level 2. HP: 10/16 MP: 4/4
    75 | Abyss:1  | Noticed a starcursed mass
    84 | D:1      | Escaped the Abyss
    86 | D:$      | Got out of the dungeon alive.

Levels and vault maps discovered:
D:1:      mainiacjoe_arrival_reflecting_pool, layout_basic,
          evilmike_ruin_ashenzari
Abyss:1:  hangedman_abyss_mock_shop, evilmike_abyss_exit_chaos

Skill      XL: |  1 |
---------------+----+-----
Fighting       | 3 |  3.0
Long Blades    | |  1.8
Armour         | |  1.6
Dodging        | |  0.7
Invocations    | |  1.8

Action                   || total
-------------------------++-------
Melee: Falchion          ||     3
       Bite              ||     1
Invok: Depart the Abyss  ||     1
Armor: Leather armour    ||     4
Dodge: Dodged            ||     8
       Rpst.: Falchion   ||     1

Table legend:
 A = Non-vault XP
 B = Vault XP
 C = Vault XP percentage of total XP
 D = Non-vault monster count
 E = Vault monster count
 F = Vault count percentage of total count
                 A         B        C        D         E       F
            +---------+---------+-------+---------+---------+-------
      Total |      10 |       0 |   0.0 |       1 |       0 |   0.0
            +---------+---------+-------+---------+---------+-------
    Abyss:1 |      10 |       0 |   0.0 |       1 |       0 |   0.0
            +---------+---------+-------+---------+---------+-------
